 Dungeon Crawl Stone Soup version 0.30-a0-404-g0b3c3f4973 (webtiles) character file.

Game seed: 7999494033813321624

1075 ketsa the Cleaver (level 8, -8/70 HPs)
             Began as a Hill Orc Fighter on Dec 7, 2022.
             Mangled by an ogre
             ... wielding a +0 giant spiked club
              (13 damage)
             ... on level 5 of the Dungeon.
             The game lasted 00:11:55 (3968 turns).

ketsa the Cleaver (Hill Orc Fighter)                Turns: 3968, Time: 00:11:56

Health: -8/70      AC:  9    Str: 21    XL:     8   Next: 29%
Magic:  8/8        EV:  9    Int:  8    God:
Gold:   269        SH:  5    Dex: 10    Spells: 7/7 levels left

rFire   . . .      SeeInvis .    a - +0 war axe
rCold   . . .      Faith    .    c - +0 buckler
rNeg    . . .      Spirit   .    b - +0 scale mail
rPois   .          Reflect  .    (no helmet)
rElec   .          Harm     .    h - +1 cloak
rCorr   .          Rampage  .    (no gloves)
Will    .....                    (no boots)
Stlth   ..........               (no amulet)
HPRegen 0.31/turn                (no ring)
MPRegen 0.11/turn                (no ring)

@: mighty
A: no striking features
a: no special abilities


You were on level 5 of the Dungeon.
You visited 1 branch of the dungeon, and saw 5 of its levels.

You collected 269 gold pieces.

Inventory:

Hand Weapons
 a - a +0 war axe (weapon)
Missiles
 l - 6 javelins (quivered)
 m - 50 stones
 B - 4 poisoned darts
 C - 8 boomerangs
Armour
 b - a +0 scale mail (worn)
 c - a +0 buckler (worn)
 h - a +1 cloak (worn)
 n - a +0 ring mail
 q - a +0 chain mail
 v - a +0 chain mail
Jewellery
 E - a ring of magical power
Wands
 G - a wand of iceblast (7)
Scrolls
 g - 2 scrolls of vulnerability {unknown}
 i - a scroll of blinking {unknown}
 j - a scroll of identify
 k - 5 scrolls of teleportation {unknown}
 p - a scroll of noise {unknown}
 r - 2 scrolls of immolation {unknown}
 s - a scroll of summoning {unknown}
 t - a scroll of magic mapping {unknown}
 u - a scroll of fog {unknown}
 w - a scroll of enchant armour {unknown}
 y - a scroll of torment {unknown}
 D - a scroll of amnesia {unknown}
Potions
 d - a potion of might
 e - a potion of resistance
 f - a potion of berserk rage
 o - 5 potions of attraction
 x - a potion of invisibility
 z - a potion of mutation
 A - a potion of ambrosia
 F - a potion of heal wounds {unknown}


   Skills:
 + Level 6.1 Fighting
 * Level 8.2 Axes
 + Level 5.7 Armour
 + Level 5.6 Shields


You had 7 spell levels left.
You didn't know any spells.
Your spell library was empty.

Dungeon Overview and Level Annotations

Branches:
Dungeon (5/15)
 Temple: D:4-7

Altars:
Ashenzari
Makhleb
Xom

Annotations:
D:3 Grinder


Message History

An orc wizard comes into view. It is wielding a +0 quarterstaff.
You barely miss the orc wizard.
The orc shouts!
The orc wizard points at you and mumbles some strange words.
You resist with some effort.
You barely miss the orc wizard.
The orc wizard hits you with a +0 dagger.
The orc wizard points at you and mumbles some strange words.
The puff of flame misses you.
The gnoll hits you from afar with a +0 halberd.
The orc wizard casts a spell.
The orc wizard flickers and vanishes!
Deactivating autopickup; reactivate with Ctrl-A.
The orc wizard hits you but does no damage.
You barely miss the orc wizard. The gnoll completely misses you.
The orc wizard hits you but does no damage.
You slash the orc wizard!
The orc wizard is heavily wounded.
The gnoll misses you.
The orc wizard hits you but does no damage.
You slash the orc wizard!
You kill the orc wizard!
You block the gnoll's attack.
You hit the ogre.
The ogre is lightly wounded.
The gnoll hits you from afar with a +0 halberd!
The ogre hits you with a +0 giant spiked club!!
You block the gnoll's attack.
You feel very mighty all of a sudden.
The ogre hits you with a +0 giant spiked club!!
* * * LOW HITPOINT WARNING * * *
The gnoll hits you from afar with a +0 halberd!
* * * LOW HITPOINT WARNING * * *
You closely miss the ogre.
The ogre is lightly wounded.
The gnoll closely misses you.
You slash the ogre!
The ogre is heavily wounded.
The ogre hits you with a +0 giant spiked club!
You die...

#.####............
#.# #....######..
#.# #....... ###
#.# #....... #.#
#.......# #.#
#.......# #.#
....... #.# #@#
#O# #.....g.#
####...oo #......
#....... #.......o
##+##..... ......
...


You could see an ogre, a gnoll and 2 orcs.

Vanquished Creatures
  Sigmund (D:3)
  An ice beast (D:5)
  A centaur (D:5)
  A phantom (D:4)
  5 scorpions
  2 hounds (D:4)
  A gnoll bouda (D:4)
  3 orc wizards (D:5)
  3 gnolls (D:4)
  8 adders
  An ufetubus (D:5)
  A worm (D:2)
  3 dart slugs
  22 orcs
  5 endoplasms
  5 goblins
  8 hobgoblins
  7 jackals
  12 kobolds
  4 quokkas
  4 ball pythons
  3 bats
  2 frilled lizards
  12 rats
115 creatures vanquished.

Notes
Turn   | Place    | Note
-------+----------+-------------------------------------------
     0 | D:1      | ketsa the Hill Orc Fighter began the quest for the Orb.
     0 | D:1      | Reached XP level 1. HP: 19/19 MP: 1/1
    81 | D:1      | Reached skill level 3 in Axes
    86 | D:1      | Reached XP level 2. HP: 22/27 MP: 2/2
   292 | D:1      | You fall into a shaft and drop 1 floor!
   420 | D:1      | Reached XP level 3. HP: 31/33 MP: 3/3
  1105 | D:2      | Reached skill level 4 in Axes
  1230 | D:2      | Found a shimmering altar of Xom.
  1424 | D:3      | Reached XP level 4. HP: 38/40 MP: 4/4
  1510 | D:3      | Found a broken altar of Ashenzari.
  1557 | D:3      | Identified the +3 ring mail of Entitlement {Str-5 Dex+5}
  1650 | D:3      | Noticed Sigmund
  1658 | D:3      | Killed Sigmund
  1659 | D:3      | Reached skill level 5 in Axes
  1659 | D:3      | Reached XP level 5. HP: 24/47 MP: 5/5
  1659 | D:3      | Reached XP level 6. HP: 27/53 MP: 6/6
  1774 | D:3      | Noticed Grinder
  2196 | D:4      | Reached skill level 5 in Fighting
  2196 | D:4      | Reached skill level 6 in Axes
  2262 | D:4      | Reached XP level 7. HP: 56/61 MP: 7/7
  2304 | D:4      | Found a burning altar of Makhleb.
  2843 | D:4      | Reached skill level 5 in Armour
  3074 | D:5      | Entered Level 5 of the Dungeon
  3081 | D:5      | Reached skill level 5 in Shields
  3180 | D:5      | Reached skill level 7 in Axes
  3517 | D:5      | Reached XP level 8. HP: 65/70 MP: 8/8
  3757 | D:5      | Reached skill level 8 in Axes
  3968 | D:5      | Mangled by an ogre

Illustrated notes

Levels and vault maps discovered:
D:1:      dpeg_arrival_ratfight, layout_loops_ring, minmay_tromino_v7
D:2:      layout_basic, basic_altar
D:3:      layout_rooms, mainiacjoe_overflow_tiny_flanked, nrook_mini_vaults,
          minmay_misc_feat_diagonals, kennysheep_generic_room_2, uniq_grinder,
          uniq_sigmund
D:4:      layout_basic, amcnicky_altar_gilded
D:5:      layout_basic, minmay_ogre_servants

Skill      XL: |  1  2  3  4  5  6  7  8 |
---------------+-------------------------+-----
Axes           | 3 4 5 6 7 8 |  8.2
Fighting       | 4 5 6 |  6.1
Armour         | 4 5 |  5.7
Shields        | 4 5 |  5.6

Action                   |  1- 3 |  4- 6 |  7- 9 || total
-------------------------+-------+-------+-------++-------
Melee: War axe           |   104 |   125 |   170 ||   399
Throw: Javelin           |       |     4 |       ||     4
  Use: Potion            |       |     1 |     1 ||     2
       Scroll            |       |     6 |     1 ||     7
Armor: Scale mail        |    45 |    78 |    79 ||   202
Dodge: Dodged            |    58 |    60 |    75 ||   193
Block: Buckler           |    17 |    35 |    50 ||   102

Table legend: (Time is in decaauts)
 A = Elapsed time spent in this place.
 B = Non-inter-level travel time spent in this place.
 C = Inter-level travel time spent in this place.
 D = Time resting spent in this place.
 E = Time spent auto-exploring this place.
 F = Levels seen in this place.
 G = Mean time per level.
                   A        B        C        D        E       F      G
               +--------+--------+--------+--------+--------+-----+--------+
         Total |   4072 |   3962 |    110 |    572 |   1801 |   5 |  814.4 |
       Dungeon |   4072 |   3962 |    110 |    572 |   1801 |   5 |  814.4 |
               +--------+--------+--------+--------+--------+-----+--------+

Top non-repeatable levels by time:
     D:4: 1087 daAuts
     D:1: 798 daAuts
     D:5: 778 daAuts
     D:3: 720 daAuts
     D:2: 687 daAuts
